 Dungeon Crawl Stone Soup version 0.13-a0-2557-g7ea0453 (console) character file.

12621 Kellhus the Basher (level 11, -1/81 HPs)
             Began as a Mummy Chaos Knight on July 29, 2013.
             Was a Plaything of Xom.
             Killed from afar by a fire drake (33 damage)
             ... with a blast of flame
             ... on Level 3 of the Lair of Beasts.
             The game lasted 00:46:31 (15161 turns).

Kellhus the Basher (Mummy Chaos Knight)            Turns: 15161, Time: 00:46:33

HP  -1/81        AC 25     Str 18      XL: 11   Next: 54%
MP  11/11        EV  2     Int 11      God: Xom
Gold 806         SH  0     Dex 11      Spells:  0 memorised, 10 levels left

Res.Fire  : x . .   See Invis. : +   a - +1,+0 orc morningstar (crush)
Res.Cold  : + . .   Warding    : .   D - +0 crystal plate armour
Life Prot.: + + +   Conserve   : .   (no shield)
Res.Poison: +       Res.Corr.  : .   e - +2 wizard hat
Res.Elec. : .       Clarity    : .   m - +0 cloak
Sust.Abil.: . .     Spirit.Shd : .   u - +1 pair of gauntlets
Res.Mut.  : +       Stasis     : .   (no boots)
Res.Rott. : +       Flight     : .   w - amulet of resist mutation
Saprovore : . . .                    k - ring of regeneration
                                     t - ring of see invisible

@: somewhat resistant to hostile enchantments, extremely unstealthy
A: no food or potions, fire vulnerability, restore body, cold resistance 1, life
protection 3, poison resistance, torment resistance, unbreathing
a: Renounce Religion


You were on level 3 of the Lair of Beasts.
You worshipped Xom.
You were Xom's teddy bear.
You were not hungry.

You visited 2 branches of the dungeon, and saw 14 of its levels.
You also visited: Ice Cave.

You collected 867 gold pieces.
You spent 81 gold pieces at shops.

Inventory:

Hand weapons
 a - a +1,+0 orcish morningstar of crushing (weapon)
 j - a +1,+0 bow of flame
 n - a cursed +0,+2 dagger of venom (quivered)
 v - the +7,+2 short sword "Killer Bee's Bane" {venom, rElec rPois rF+, unknown}
   (You found it on level 5 of the Dungeon)

   It poisons the flesh of those it strikes.
   It protects you from fire.
   It insulates you from electricity.
   It protects you from poison.
 z - a +1,+1 whip of flaming
 C - the -5,-1 sabre "Tormentor" {holy, +Rage rF++ rC+, unknown}
   (You found it on level 7 of the Dungeon)

   It has been blessed by the Shining One to cause great damage to the undead
   and demons.
   It greatly protects you from fire.
   It protects you from cold.
   It lets you go berserk.
 I - a +0,+0 great mace
Missiles
 F - 4 silver javelins
 Q - 11 arrows of dispersal
Armour
 e - a +2 wizard hat (worn)
 m - a +0 cloak (worn)
 u - a +1 pair of gauntlets (worn)
 x - a +0 orcish plate armour
 D - a +0 crystal plate armour (worn)
 L - a +0 pair of elven gloves
 O - a +0 pair of gloves
Magical devices
 b - a wand of disintegration (14)
 i - a wand of confusion (5)
 p - a wand of slowing (12)
 s - a wand of fireball (0)
 y - a wand of paralysis (7)
 A - a wand of polymorph (0)
 B - a wand of magic darts (5)
 H - a wand of flame (14)
 J - a wand of paralysis (7)
 R - a wand of polymorph (12)
Scrolls
 f - 6 scrolls of identify
 g - a scroll of random uselessness
 h - a scroll of curse jewellery
 o - 2 scrolls of teleportation
 G - a scroll of curse weapon
 K - 4 scrolls of remove curse
Jewellery
 c - a -2 ring of dexterity
 k - a ring of regeneration (right hand)
 t - a ring of see invisible (left hand)
 w - an amulet of resist mutation (around neck)
 E - an uncursed amulet of the gourmand
Magical staves
 M - an uncursed staff of power {unknown}
 N - an uncursed staff of air {unknown}
Miscellaneous
 P - a box of beasts


   Skills:
 + Level 7.8 Fighting
 - Level 12.0 Maces & Flails
 - Level 8.3 Armour
 - Level 0.7 Dodging


You had 10 spell levels left.
You didn't know any spells.

Dungeon Overview and Level Annotations

Branches:
Dungeon (11/27)            Temple (0/1) D:4            Lair (3/8) D:11
    Orc: D:6-11       Swamp: Lair:3-6    Shoals: Lair:3-6     Snake: Lair:3-6
 Spider: Lair:3-6

Altars:
Elyvilon
Fedhas
Makhleb
Sif Muna
Xom

Shops:
D:4: ( D:8: * D:9: !

Annotations
D:2 1 exclusion, Crazy Yiuf
D:8 exclusion: downstairs
D:9 Erolcha
D:11 Maurice


Innate Abilities, Weirdness & Mutations

You do not eat or drink.
Your flesh is vulnerable to fire.
Your flesh is cold resistant.
You are immune to negative energy.
Your system is resistant to poisons.
You are immune to unholy pain and torment.
You can survive without breathing.


Message History

Your rat bites the agate snail but does no damage.
You hit the agate snail but do no damage.
The agate snail is almost dead.
Your rat bites the agate snail but does no damage.
You sock the agate snail!
You kill the agate snail!
The fire drake breathes fire at you. The blast of flame hits you!
The fire burns you terribly!
Xom thinks this is hilarious!
The fire drake bites your rat.
Your rat barely misses the fire drake.
Unknown command.
The fire drake barely misses your rat.
Your rat barely misses the fire drake.
The fire drake breathes fire at you. The blast of flame hits your rat.
Your rat dies!
Your rat's corpse degenerates into a cloud of primal chaos!
The blast of flame hits you! The fire burns you terribly!
One of your 7 scrolls of identify catches fire!
You die...
Xom roars with laughter!

#........$......#..........
#f.....l.....##............
#..........................
#...........#.............
##.....j..###.............
#.###.#.##...............
#l######..............
##ยง..####.............
##..@................
#.#....#.f...........
###....<##........%.#
##....<..........%.#
###...................
..#.................##.
.....................###
......................##
.......................##


You could see a fire drake.

Vanquished Creatures
  A spiny frog (Lair:2)
  A mermaid (Lair:1)
  A blue devil (IceCv)
  3 komodo dragons
  A slime creature (D:10)
  A basilisk (Lair:2)
  2 yaks (Lair:2)
  A hungry ghost (D:9)
  8 hippogriffs
  2 wyverns
  The ghost of docbrown the Sneak, an average SpEn (D:3)
  A necrophage (D:11)
  5 orc warriors
  3 phantoms
  A yellow wasp (D:11)
  3 ogres
  A black bear (D:10)
  A slave (D:8)
  4 porcupines
  10 ice beasts
  A boring beetle (Lair:2)
  5 centaurs
  2 sky beasts
  2 crocodiles (Lair:2)
  A giant slug (Lair:1)
  5 water moccasins
  8 giant frogs
  4 agate snails
  2 eyes of draining
  3 killer bees
  2 troll skeletons
  5 wights
  A hippogriff skeleton (D:8)
  A basilisk zombie (D:10)
  9 orc priests
  10 crimson imps
  A giant frog zombie (D:8)
  An iron imp (D:11)
  A quasit (D:11)
  4 hounds
  A water moccasin skeleton (D:9)
  3 scorpions
  7 iguanas
  15 orc wizards
  7 worker ants
  9 sheep
  Ijyb (D:3)
  A jelly (D:10)
  A mummy (D:8)
  A worker ant zombie (D:7)
  A gnoll (D:1)
  A lemure (D:11)
  A green rat (D:9)
  2 shadow imps
  13 adders
  3 giant centipedes
  An inept feature mimic (D:2)
  11 white imps (IceCv)
  2 giant mites
  2 ufetubi (IceCv)
  3 worms
  A scorpion zombie (D:10)
  2 giant eyeballs
  21 oozes
  52 orcs
  A ball python (D:4)
  2 giant cockroaches
  15 goblins
  12 hobgoblins
  20 jackals
  10 quokkas
  13 bats
  8 giant geckos
  A giant gecko zombie (D:6)
  10 giant newts
  2 giant spores
  2 hobgoblin zombies
  10 kobolds
  A kobold skeleton (D:4)
  2 orc skeletons (D:8)
  18 rats
  A rat skeleton (D:4)
  2 ballistomycetes
411 creatures vanquished.

Vanquished Creatures (collateral kills)
  A minotaur (D:7)
  Pikel (D:8)
  A blue devil (IceCv)
  3 yaks (Lair:2)
  A jelly (D:8)
  A white imp (IceCv)
8 creatures vanquished.

Vanquished Creatures (others)
  A soul eater (Lair:2)
  A yak (Lair:2)
  2 ice beasts
  A yak skeleton (D:9)
  2 crimson imps (Lair:2)
  4 quasits
  A lemure (D:7)
  A white imp (IceCv)
  4 ufetubi
  A quokka (D:10)
  A rat (Lair:3)
  2 fungi (D:7)
21 creatures vanquished.

Grand Total: 440 creatures vanquished

Notes
Turn   | Place    | Note
--------------------------------------------------------------
     0 | D:1      | Kellhus, the Mummy Chaos Knight, began the quest for the Orb.
     0 | D:1      | Reached XP level 1. HP: 16/16 MP: 1/1
   144 | D:1      | XOM: harmless Necr miscast
   176 | D:1      | Reached XP level 2. HP: 22/22 MP: 2/2
   530 | D:1      | XOM: harmless Trmt miscast
   783 | D:2      | Reached XP level 3. HP: 28/28 MP: 3/3
  1024 | D:2      | XOM: potion effect (heal wounds)
  1139 | D:2      | Reached skill level 4 in Maces & Flails
  1139 | D:2      | Reached XP level 4. HP: 17/34 MP: 4/4
  1145 | D:2      | XOM: noise
  1375 | D:2      | Found a deep blue altar of Sif Muna.
  1684 | D:2      | XOM: harmless Hex miscast
  1702 | D:2      | XOM: scenery: create altars
  1788 | D:2      | Noticed Crazy Yiuf
  1870 | D:3      | XOM: noise
  1930 | D:3      | Found a blossoming altar of Fedhas.
  1956 | D:3      | Noticed Ijyb
  1965 | D:3      | Killed Ijyb
  1981 | D:3      | XOM: noise
  2059 | D:3      | Noticed docbrown's ghost (average SpEn)
  2085 | D:2      | Reached XP level 5. HP: 24/39 MP: 5/5
  2324 | D:3      | XOM: swap monsters
  2380 | D:3      | XOM: noise
  2524 | D:3      | XOM: confuse monster(s)
  2529 | D:3      | Killed docbrown's ghost
  2529 | D:3      | Reached skill level 5 in Maces & Flails
  2529 | D:3      | Reached XP level 6. HP: 46/46 MP: 6/6
  2684 | D:3      | Reached skill level 6 in Maces & Flails
  2750 | D:3      | XOM: summons 6 friendly demons
  3288 | D:4      | Found Kill's Weapon Shop.
  3428 | D:4      | XOM: god gift: gnarled glowing rod {god gift}
  3430 | D:4      | Identified a +3 rod of striking (9/9) (Xom gifted it to you on level 4 of the Dungeon)
  3516 | D:4      | XOM: potion effect (speed)
  3527 | D:4      | XOM: enchant monster (good)
  3565 | D:4      | Reached skill level 7 in Maces & Flails
  3565 | D:4      | Reached XP level 7. HP: 51/51 MP: 7/7
  3578 | D:4      | XOM: divination: detect items
  3756 | D:4      | Found a staircase to the Ecumenical Temple.
  3906 | D:5      | Entered Level 5 of the Dungeon
  3927 | D:5      | Got a pitted short sword
  3931 | D:5      | XOM: harmless Conj miscast
  4061 | D:5      | XOM: cast spell 'Summon Butterflies'
  4146 | D:5      | XOM: harmless Erth miscast
  4336 | D:5      | XOM: harmless Ice miscast
  4610 | D:5      | Paralysed by a giant eyeball for 4 turns
  4696 | D:5      | Reached skill level 8 in Maces & Flails
  4969 | D:5      | XOM: harmless Erth miscast
  5019 | D:5      | XOM: divination: detect creatures
  5073 | D:6      | Reached XP level 8. HP: 53/58 MP: 8/8
  5267 | D:6      | Paralysed by a giant eyeball for 3 turns
  5589 | D:6      | XOM: noise
  5598 | D:6      | XOM: confuse monster(s)
  5605 | D:6      | XOM: polymorph orc warrior -> killer bee
  5670 | D:6      | Reached skill level 9 in Maces & Flails
  5706 | D:6      | XOM: cast spell 'Metabolic Englaciation'
  5809 | D:6      | XOM: summons 2 hostile shadow creatures
  5951 | D:7      | Noticed a giant amoeba
  5967 | D:7      | XOM: enchant monster (good)
  6020 | D:7      | XOM: enchant monster (good)
  6025 | D:7      | Got a smoking sabre
  6230 | D:7      | Found a burning altar of Makhleb.
  6603 | D:7      | Noticed a minotaur
  6603 | D:7      | a giant amoeba changed into a minotaur
  6621 | D:7      | XOM: summons 8 friendly demons
  6627 | D:7      | XOM: summons friendly lemure
  6631 | D:7      | XOM: potion effect (speed)
  6633 | D:7      | Killed a minotaur
  6633 | D:7      | Reached skill level 10 in Maces & Flails
  6633 | D:7      | Reached XP level 9. HP: 36/63 MP: 9/9
  6834 | D:7      | XOM: vitrification
  6942 | D:7      | XOM: god gift: 4 silver javelins
  7539 | D:8      | XOM: confuse monster(s)
  7573 | D:8      | XOM: divination: detect creatures
  7698 | D:8      | XOM: divination: magic mapping
  7702 | D:8      | Reached skill level 11 in Maces & Flails
  7708 | D:8      | HP: 3/63 [scorpion (5)]
  7711 | D:8      | XOM: confuse monster(s)
  7832 | D:8      | Found Klung's Assorted Antiques.
  8084 | D:8      | Bought a scroll labeled PNYANKO WITOUMN for 27 gold pieces
  8084 | D:8      | Bought a scroll labeled STROCU CURIUTT for 27 gold pieces
  8125 | D:8      | Bought a scroll labeled RUCOQISUUKAA for 27 gold pieces
  8165 | D:8      | XOM: mild Erth miscast
  8293 | D:8      | XOM: inner flame monster(s)
  8299 | D:8      | XOM: noise
  8560 | D:8      | XOM: silly message
  8573 | D:9      | Noticed Pikel
  8648 | D:9      | XOM: enchant monster (good)
  8660 | D:9      | Found Psetad's Distillery.
  8705 | D:9      | XOM: polymorph hobgoblin -> green rat
  8707 | D:9      | Noticed Erolcha
  8779 | D:9      | XOM: confusion
  8781 | D:9      | XOM: god gift: 3 meat rations
  8834 | D:9      | XOM: mild Divn miscast
  8962 | D:9      | XOM: swap weapons
  9034 | D:8      | XOM: harmless Trmt miscast
  9051 | D:8      | XOM: silly message
  9064 | D:8      | XOM: swap weapons
  9075 | D:8      | Reached skill level 12 in Maces & Flails
  9156 | D:9      | XOM: noise
  9157 | D:9      | XOM: summons friendly ufetubus
  9164 | D:9      | XOM: summons friendly crimson imp
  9165 | D:9      | XOM: 1-stop teleportation journey
  9169 | D:9      | XOM: enchant monster (good)
  9179 | D:9      | XOM: cast spell 'Poison Weapon'
  9319 | D:8      | Reached XP level 10. HP: 58/69 MP: 10/10
  9449 | D:8      | XOM: enchant monster (good)
  9459 | D:8      | XOM: cast spell 'Summon Ice Beast'
  9636 | D:8      | XOM: colour smoke trail
  9675 | D:9      | XOM: mild Pois miscast
  9985 | D:8      | XOM: harmless Erth miscast
  9987 | D:8      | XOM: harmless Conj miscast
  9998 | D:8      | XOM: cast spell 'Warp Weapon'
 10000 | D:8      | XOM: potion effect (brilliance)
 10006 | D:8      | XOM: noise
 10007 | D:8      | XOM: medium Erth miscast
 10017 | D:8      | XOM: confusion
 10037 | D:8      | XOM: summons 7 friendly demons
 10039 | D:8      | Killed Pikel
 10168 | D:10     | Entered Level 10 of the Dungeon
 10199 | D:10     | XOM: confuse monster(s)
 10202 | D:10     | XOM: snakes to sticks
 10359 | D:10     | XOM: god gift: lead wand {god gift}
 10372 | D:10     | XOM: potion effect (might)
 10462 | D:10     | Reached skill level 5 in Armour
 10516 | D:10     | XOM: harmless Fire miscast
 10560 | D:10     | XOM: scenery: create altars
 10601 | D:10     | XOM: harmless Erth miscast
 10707 | D:10     | XOM: silly message
 10826 | D:10     | Found a white marble altar of Elyvilon.
 10850 | D:10     | XOM: colour smoke trail
 11106 | D:11     | Noticed Maurice
 11115 | D:11     | XOM: divination: magic mapping
 11144 | D:11     | Paralysed by Maurice for 2 turns
 11226 | D:11     | XOM: enchant monster (good)
 11247 | D:11     | XOM: enchant monster (bad)
 11351 | D:11     | XOM: inner flame monster(s)
 11404 | D:10     | XOM: swap weapons
 11417 | D:10     | XOM: inner flame monster(s)
 11478 | D:11     | XOM: summons 5 hostile demons
 11530 | D:11     | XOM: enchant monster (bad)
 11561 | D:11     | XOM: enchant monster (bad)
 11695 | D:11     | Noticed an elephant
 11696 | D:11     | XOM: god gift: 8 gold pieces
 11721 | D:10     | XOM: 2-stop teleportation journey
 11901 | D:11     | Found a staircase to the Lair.
 11932 | Lair:1   | Entered Level 1 of the Lair of Beasts
 12119 | Lair:1   | XOM: mild Ice miscast
 12191 | Lair:1   | XOM: polymorph spiny frog -> mermaid
 12224 | Lair:1   | XOM: divination: magic mapping
 12244 | Lair:1   | Found a frozen archway.
 12250 | Lair:1   | XOM: inner flame monster(s)
 12268 | Lair:1   | XOM: divine lightning
 12287 | IceCv    | Entered an ice cave
 12321 | IceCv    | XOM: cast spell 'Metabolic Englaciation'
 12328 | IceCv    | XOM: noise
 12357 | IceCv    | Noticed an ice statue
 12357 | IceCv    | Noticed an ice statue
 12359 | IceCv    | XOM: 2-stop teleportation journey
 12386 | IceCv    | XOM: noise
 12395 | IceCv    | XOM: mild Chrm miscast
 12402 | IceCv    | XOM: polymorph white imp -> shadow imp
 12412 | IceCv    | XOM: summons 4 friendly demons
 12438 | IceCv    | Reached XP level 11. HP: 25/75 MP: 11/11
 12495 | IceCv    | Noticed an ice devil
 12525 | IceCv    | XOM: silly message
 12558 | Lair:1   | XOM: silly message
 12562 | Lair:1   | XOM: harmless Conj miscast
 12566 | Lair:1   | XOM: silly message
 12610 | Lair:1   | XOM: noise
 12621 | Lair:1   | XOM: 1-stop teleportation journey
 12641 | Lair:1   | XOM: vitrification
 12715 | Lair:1   | XOM: medium Divn miscast
 12754 | Lair:1   | XOM: 2-stop teleportation journey
 13184 | Lair:1   | XOM: colour smoke trail
 13185 | Lair:1   | XOM: summons 5 hostile shadow creatures
 13186 | Lair:1   | Noticed a seven-headed hydra
 13245 | Lair:2   | XOM: noise
 13304 | Lair:2   | XOM: harmless Chrm miscast
 13313 | Lair:2   | XOM: summons 4 friendly demons
 13515 | Lair:2   | Reached skill level 5 in Fighting
 13722 | Lair:2   | XOM: confuse monster(s)
 13782 | Lair:2   | XOM: harmless Conj miscast
 13787 | Lair:2   | XOM: harmless Chrm miscast
 14042 | Lair:2   | XOM: inner flame monster(s)
 14050 | Lair:2   | XOM: summons friendly soul eater
 14455 | Lair:3   | XOM: polymorph sheep -> scorpion
 14469 | Lair:2   | XOM: god gift: 11 arrows of dispersal
 14518 | Lair:2   | XOM: potion effect (might)
 14931 | Lair:3   | XOM: god gift: copper wand {god gift}
 15150 | Lair:3   | XOM: cast spell 'Summon Small Mammal'
 15161 | Lair:3   | Killed from afar by a fire drake

Action                   |  1- 3 |  4- 6 |  7- 9 | 10-12 || total
-------------------------+-------+-------+-------+-------++-------
Melee: Mace              |    98 |   136 |       |       ||   234
       Flail             |       |    83 |   252 |       ||   335
       Rod               |       |    51 |    12 |       ||    63
       Morningstar       |       |       |   440 |   525 ||   965
       War axe           |       |       |     2 |       ||     2
       Whip              |       |       |       |   704 ||   704
       Club              |       |       |       |    10 ||    10
Evoke: Wand              |       |       |    27 |    16 ||    43
  Use: Scroll            |       |       |    17 |     6 ||    23
 Stab: Paralysed         |       |     2 |     1 |     6 ||     9
       Confused          |       |     1 |     1 |       ||     2
       Petrifying        |       |     1 |       |       ||     1
